 Dungeon Crawl Stone Soup version 0.29.1-15-g9cfb28693d (webtiles) character file.

Game seed: 4510341297490555065

1284 protoss039 the Digger (level 8, -6/63 HPs)
             Began as a Demonspawn Earth Elementalist on Mar 2, 2023.
             Was a Follower of Vehumet.
             Killed from afar by Maggie (18 damage)
             ... with a bolt of fire
             ... on level 6 of the Dungeon.
             The game lasted 00:07:32 (5624 turns).

protoss039 the Digger (DsEE)                        Turns: 5624, Time: 00:07:33

Health: -6/63      AC:  9    Str:  8    XL:     8   Next: 29%
Magic:  11/16      EV: 10    Int: 20    God:    Vehumet [*.....]
Gold:   208        SH:  5    Dex: 13    Spells: 12/18 levels left

rFire   . . .      SeeInvis .   h - +2 war axe (vorpal)
rCold   . . .      Faith    .   (no shield)
rNeg    + . .      Spirit   .   q - +0 ring mail
rPois   +          Reflect  +   f - +2 helmet
rElec   .          Harm     .   (cloak unavailable)
rCorr   .          Rampage  .   y - +0 pair of gloves
Will    .....                   (no boots)
Stlth   +.........              B - amulet of reflection
HPRegen 0.20/turn               a - ring of poison resistance
MPRegen 0.15/turn               F - ring of positive energy

@: mesmerised, very slightly contaminated
A: spiny 1, weakness stinger 3
a: Renounce Religion


You were on level 6 of the Dungeon.
You worshipped Vehumet.
Vehumet was aware of your devotion.
You visited 2 branches of the dungeon, and saw 7 of its levels.

You collected 208 gold pieces.

Inventory:

Hand Weapons
 h - a +2 vorpal war axe (weapon)
 x - a +3 shortbow
Armour
 f - a +2 helmet (worn)
 q - a +0 ring mail (worn)
 y - a +0 pair of gloves (worn)
Jewellery
 a - a ring of poison resistance (left hand)
 B - an amulet of reflection (around neck)
 F - a ring of positive energy (right hand)
Wands
 w - a wand of flame (15)
 C - a wand of acid (9)
Scrolls
 c - 4 scrolls of teleportation {unknown}
 e - 2 scrolls of identify
 g - a scroll of enchant armour {unknown}
 l - a scroll of magic mapping {unknown}
 p - a scroll of brand weapon {unknown}
 v - a scroll of noise {unknown}
 A - a scroll of enchant weapon {unknown}
 D - a scroll of amnesia {unknown}
 E - a scroll of blinking {unknown}
Potions
 b - a potion of magic
 d - 2 potions of attraction
 i - a potion of degeneration {unknown}
 j - 3 potions of cancellation
 m - a potion of brilliance {unknown}
 n - 3 potions of heal wounds
 r - a potion of invisibility {unknown}
 s - a potion of flight {unknown}
 t - a potion of mutation {unknown}
 z - a potion of lignification {unknown}


   Skills:
 + Level 5.6 Fighting
 - Level 1.7 Dodging
 - Level 1.7 Stealth
 + Level 5.6 Spellcasting
 - Level 0.8 Transmutations
 + Level 5.9 Earth Magic


You had 12 spell levels left.
You knew the following spells:

 Your Spells              Type           Power      Damage    Failure   Level
a - Sandblast             Erth           58%        2d13      3%          1
b - Passwall              Tmut/Erth      15%        N/A       13%         2
c - Stone Arrow           Conj/Erth      34%        3d9       30%         3

Your spell library contained the following spells:

 Spells                   Type           Power      Damage    Failure   Level
 Freeze                   Ice            20%        1d4       34%         1
 Slow                     Hex            20%        N/A       34%         1
 Petrify                  Tmut/Erth      19%        N/A       63%         4
 Ignite Poison            Fire/Tmut/Pois 6%         N/A       65%         3
 Confusing Touch          Hex            5%         N/A       71%         3
 Mephitic Cloud           Conj/Pois/Air  5%         N/A       71%         3
 Vampiric Draining        Necr           5%         2d6       71%         3
 Freezing Cloud           Conj/Ice/Air   2%         6-21      100%        5


Dungeon Overview and Level Annotations

Branches:
Dungeon (6/15) Zot: 26913  Temple (1/1) D:5 Zot: 5948

Altars:
Ashenzari
Dithmenos
Fedhas
Gozag
Hepliaklqana
Makhleb
Nemelex Xobeh
Okawaru
Ru
Sif Muna
Trog
Uskayaw
Vehumet
Wu Jian
Xom
Yredelemnul

Annotations:
D:6 Maggie


Innate Abilities, Weirdness & Mutations

You are partially covered in sharp spines.
You have a sharp stinger which inflicts weakening toxins.


Message History

Aiming: Sandblast (safe; 3% risk of failure)
Press: ? - help, Shift-Dir - straight line, f/p - Maggie
Aim: Maggie, wielding a +0 halberd and wearing +2 acid dragon scales (lightly wounded, poisoned, 83% to hit)
You miscast Sandblast.
You are very lightly contaminated with residual magic.
Nothing appears to happen.
Maggie hits you from afar with a +0 halberd!
* * * LOW HITPOINT WARNING * * *
Unknown command.
Unknown command.
Casting: Sandblast (safe; 3% risk of failure)
Confirm with . or Enter, or press ? or * to list all spells.
Aiming: Sandblast (safe; 3% risk of failure)
Press: ? - help, Shift-Dir - straight line, f/p - Maggie
Aim: Maggie, wielding a +0 halberd and wearing +2 acid dragon scales (moderately wounded, poisoned, 83% to hit)
The blast of sand hits Maggie!
Maggie is heavily wounded.
Maggie looks more healthy.
Unknown command.
Maggie is engulfed in poison gas.
Maggie is poisoned.
Maggie mumbles some strange words.
Maggie attempts to bespell you!
You are mesmerised by Maggie!
Unknown command.
Unknown command.
You cannot move away from Maggie!
Unknown command.
You cannot move away from Maggie!
Casting: Sandblast (safe; 3% risk of failure)
Confirm with . or Enter, or press ? or * to list all spells.
Aiming: Sandblast (safe; 3% risk of failure)
Press: ? - help, Shift-Dir - straight line, f/p - Maggie
Aim: Maggie, wielding a +0 halberd and wearing +2 acid dragon scales (poison gas, heavily wounded, mesmerising, poisoned, 83% to hit)
The blast of sand hits Maggie but does no damage.
Maggie is heavily wounded.
Maggie is engulfed in poison gas.
Maggie looks even sicker.
Maggie is engulfed in poison gas.
Maggie looks even sicker.
Maggie casts a spell at you. The bolt of fire hits you!!
You die...

# ##..# ... #...#
#.. #..####..
#.....#.# #.##.##.#
#.##.##.#
#.##.##.######..
#.##.##.○.§§§...
#.##§@§@§######.###
#. #####°##.......#
#....### ###....#
#.##.....# #..
...### .......#
.#........
.#.#.......


You could see Maggie (mesmerising, very poisoned).

Vanquished Creatures
  2 water moccasins (D:5)
  A black bear (D:3)
  An ogre (D:5)
  A gnoll sergeant (D:5)
  A necrophage (D:4)
  A scorpion (D:4)
  A howler monkey (D:4)
  3 jellies (D:4)
  3 hounds
  2 orc priests
  3 iguanas
  3 orc wizards (D:5)
  3 adders
  14 gnolls
  3 worms (D:3)
  2 dart slugs
  23 orcs
  6 endoplasms
  A giant cockroach (D:2)
  6 goblins
  11 hobgoblins
  3 jackals (D:2)
  2 quokkas
  8 ball pythons
  2 bats
  5 frilled lizards
  4 kobolds
  5 rats
120 creatures vanquished.

Notes
Turn   | Place    | Note
-------+----------+-------------------------------------------
     0 | D:1      | protoss039 the Demonspawn Earth Elementalist began the
                  | quest for the Orb.
     0 | D:1      | Reached XP level 1. HP: 13/13 MP: 3/3
   406 | D:1      | Gained mutation: You have a small tail. [demonic ancestry]
   406 | D:1      | Reached XP level 2. HP: 20/20 MP: 1/5
   637 | D:1      | Reached skill level 1 in Fighting
  1095 | D:1      | Learned a level 2 spell: Passwall
  1202 | D:2      | Gained mutation: You have a tail ending in a sharp stinger.
                  | [demonic ancestry]
  1202 | D:2      | Reached XP level 3. HP: 23/26 MP: 6/6
  1298 | D:2      | Found a faded altar of an unknown god.
  1526 | D:2      | Found a bloodstained altar of Trog.
  2140 | D:2      | Learned a level 3 spell: Stone Arrow
  2279 | D:3      | Gained mutation: You have a sharp stinger which inflicts
                  | weakening toxins. [demonic ancestry]
  2279 | D:3      | Reached XP level 4. HP: 12/33 MP: 2/8
  2758 | D:3      | Noticed a black bear
  2767 | D:3      | Killed a black bear
  2768 | D:3      | Gained mutation: You are partially covered in sharp spines.
                  | [demonic ancestry]
  2768 | D:3      | Reached XP level 5. HP: 35/40 MP: 8/10
  3021 | D:4      | Reached XP level 6. HP: 43/47 MP: 9/11
  3545 | D:4      | Reached XP level 7. HP: 26/53 MP: 13/13
  4317 | D:5      | Entered Level 5 of the Dungeon
  4392 | D:5      | Reached skill level 5 in Earth Magic
  4809 | D:5      | Found a staircase to the Ecumenical Temple.
  4929 | Temple   | Entered the Ecumenical Temple
  4929 | Temple   | Found a transporter.
  4929 | Temple   | Found a transporter.
  4931 | Temple   | Found a transporter.
  4931 | Temple   | Found a transporter.
  4951 | Temple   | Became a worshipper of Vehumet
  5370 | D:5      | Reached skill level 5 in Spellcasting
  5373 | D:5      | Reached skill level 5 in Fighting
  5387 | D:5      | Reached XP level 8. HP: 38/62 MP: 8/16
  5387 | D:5      | Reached * piety under Vehumet
  5387 | D:5      | Offered knowledge of Freeze by Vehumet.
  5575 | D:6      | Noticed Maggie
  5624 | D:6      | Killed from afar by Maggie

Illustrated notes

Levels and vault maps discovered:
D:1:      psy_arrival_statuary, layout_rooms, minmay_quantized
D:2:      layout_basic, hellmonk_ecumenical_altar_arch_garden, basic_altar
D:3:      layout_rooms, elyvilon_altar_3, minmay_liquid_box
D:4:      layout_loops_cross, kennysheep_another_room, corexii_shack
D:5:      layout_basic, temple_statues, chequers_serial_rivers_room_b
D:6:      layout_basic, uniq_maggie, uniq_menkaure
Temple:   hellmonk_temple_divided_pantheon

Skill      XL: |  1  2  3  4  5  6  7 |
---------------+----------------------+-----
Earth Magic    | 3 4 5 |  5.9
Fighting       | 1 2 3 4 5 |  5.6
Spellcasting   | 3 4 5 |  5.6
Dodging        | |  1.7
Stealth        | |  1.7
Transmutations | |  0.8

Action                   |  1- 3 |  4- 6 |  7- 9 || total
-------------------------+-------+-------+-------++-------
Melee: Unarmed           |     5 |       |       ||     5
       Club              |    40 |       |       ||    40
       Tailslap          |    18 |     3 |     8 ||    29
       Punch             |     2 |       |       ||     2
       Short sword       |    44 |    11 |       ||    55
       War axe           |       |    65 |    55 ||   120
 Cast: Sandblast         |    47 |     4 |    23 ||    74
Evoke: Wand              |       |       |     8 ||     8
  Use: Potion            |     3 |     1 |     2 ||     6
       Scroll            |       |     3 |     6 ||     9
 Stab: Sleeping          |     1 |       |       ||     1
       Distracted        |       |     1 |       ||     1
Armor: Robe              |    16 |       |       ||    16
       Ring mail         |    38 |    53 |    25 ||   116
Dodge: Dodged            |    79 |    43 |    40 ||   162
Block: Other             |       |       |     5 ||     5
